 Dungeon Crawl Stone Soup version 0.30.0-30-g96aa6591b8 (webtiles) character file.

Game seed: 11549256524291517357

39 adizb the Conjurer (level 3, 0/20 (21) HPs)
             Began as a Tengu Reaver on June 28, 2023.
             Killed from afar by a dart slug (5 damage)
             ... with a slug dart
             ... on level 1 of the Dungeon.
             The game lasted 00:03:01 (365 turns).

adizb the Conjurer (Tengu Reaver)                    Turns: 365, Time: 00:03:02

HP:   0/20 (21)     AC:  3    Str: 12    XL:     3   Next: 45%
MP:   7/7           EV: 12    Int: 13    God:
Gold: 24            SH:  0    Dex: 14    Spells: 5/6 levels left

rFire   . . .        a - +0 falchion
rCold   . . .        (no shield)
rNeg    . . .        b - +0 leather armour
rPois   .            (helmet restricted)
rElec   .            (no cloak)
rCorr   .            (no gloves)
SInv    .            (boots unavailable)
Will    .....        (no amulet)
Stlth   +            e - ring of wizardry
HPRegen 0.23/turn    (no ring)
MPRegen 0.10/turn

%: wizardry (x1)
@: lightly drained
A: beak, talons 3
a: no special abilities


You were on level 1 of the Dungeon.
You visited 1 branch of the dungeon, and saw 1 of its levels.

You collected 24 gold pieces.

Inventory:

Hand Weapons
 a - a +0 falchion (weapon)
Armour
 b - a +0 leather armour (worn)
Jewellery
 e - a ring of wizardry (left hand)
 f - a ring of resist corrosion
Scrolls
 c - a scroll of fear {unknown}
 g - a scroll of enchant armour {unknown}
Potions
 d - a potion of mutation {unknown}


   Skills:
 + Level 2.2 Fighting
 * Level 3.8 Long Blades
 + Level 0.6 Armour
 + Level 2.4 Dodging
 + Level 2.2 Spellcasting
 + Level 4.3 Conjurations
 + Level 0.9 Necromancy


You had 5 spell levels left.
You knew the following spells:

 Your Spells              Type           Power      Damage    Failure   Level
a - Kiss of Death         Conj/Necr      32%        2d7       4%          1

Your spell library contained the following spells:

 Spells                   Type           Power      Damage    Failure   Level
 Momentum Strike          Conj/Tloc      14%        3d8       9%          2
 Slow                     Hex            4%         N/A       13%         1
 Sting                    Tmut/Pois      4%         1d3       13%         1
 Hailstorm                Conj/Ice       7%         3d4       16%         3
 Poisonous Vapours        Pois/Air       2%         N/A       19%         2
 Vampiric Draining        Necr           3%         2d6       26%         3
 Confusing Touch          Hex            1%         N/A       34%         3
 Olgreb's Toxic Radiance  Pois           1%         N/A       75%         4


Dungeon Overview and Level Annotations

Branches:
Dungeon (1/15)

Altars:


Innate Abilities, Weirdness & Mutations

You have a beak for a mouth.
You have claws for feet.


Message History

You kill the bat!
The bat hits you but does no damage. The quokka closely misses you.
The bat barely misses you. The quokka barely misses you.
You see here a bat corpse.
You barely miss the bat. You claw the bat.
You kill the bat!
The dart slug launches a dart at you. The slug dart hits you.
The quokka barely misses you.
You hit the dart slug.
The dart slug is moderately wounded.
The quokka bites you.
You barely miss the dart slug.
The dart slug is moderately wounded.
The quokka closely misses you. The dart slug completely misses you.
You hit the dart slug. You claw the dart slug.
You kill the dart slug!
The quokka barely misses you. The dart slug launches a dart at you.
The slug dart hits you. The quokka bites you.
You hit the quokka but do no damage. The dart slug launches a dart at you.
The slug dart hits you. The quokka completely misses you.
You are too injured to fight recklessly!
You are too injured to fight recklessly!
You are too injured to fight recklessly!
You miss the quokka. Your kick misses the quokka. You peck the quokka.
The quokka is severely wounded.
The quokka bites you. The dart slug launches a dart at you.
The slug dart hits you.
* * * LOW HITPOINT WARNING * * *
The quokka attacks as you move away! The quokka misses you.
The quokka twitches its whiskers.
The quokka closely misses you.
You hit the quokka.
You kill the quokka!
The dart slug launches a dart at you. The slug dart hits you.
You die...

.........# #
###.####.#
.........#
#####.####.#
...#######
#####.####.#
.###
######.####.# .
##...........#
...
.$..####.######
...
....####.#####
.#.
....####.#####
#
....####@#####
....^..w.#####
.........#
.?......#
........#
........# #.
........# ..#
........# ..#


You could see a dart slug.

Vanquished Creatures
  2 dart slugs (D:1)
  7 ball pythons (D:1)
  An endoplasm (D:1)
  A giant cockroach (D:1)
  3 goblins (D:1)
  A hobgoblin (D:1)
  2 jackals (D:1)
  A quokka (D:1)
  3 bats (D:1)
  A frilled lizard (D:1)
  5 kobolds (D:1)
  5 rats (D:1)
32 creatures vanquished.

Notes
Turn   | Place    | Note
-------+----------+-------------------------------------------
     0 | D:1      | adizb the Tengu Reaver began the quest for the Orb.
     0 | D:1      | Reached XP level 1. HP: 12/12 MP: 4/4
    49 | D:1      | Reached XP level 2. HP: 17/17 MP: 6/6
   217 | D:1      | Reached XP level 3. HP: 12/18 MP: 7/7
   365 | D:1      | Killed from afar by a dart slug

Illustrated notes

Levels and vault maps discovered:
D:1:      lightli_arrival_flooded_house, layout_rooms, reono_crystal_passage

Action                     || total
---------------------------++-------
  Melee: Falchion          ||    62
         Kick              ||    11
         Peck              ||     6
 Armour: Leather armour    ||    13
  Dodge: Dodged            ||    44
